 Dungeon Crawl Stone Soup version 0.25-a0-1133-g93ebf73 (webtiles) character file.

Game seed: 10790919006077731027, levelgen mode: deterministic

32 thirtiethelement the Skirmisher (level 3, 0/29 HPs)
             Began as a Demonspawn Abyssal Knight on May 21, 2020.
             Was a Follower of Lugonu.
             Slain by Natasha (6 damage)
             ... on level 2 of the Dungeon.
             The game lasted 00:04:31 (992 turns).

thirtiethelement the Skirmisher (DsAK)               Turns: 992, Time: 00:04:32

Health: 0/29       AC:  3    Str: 13    XL:     3   Next: 8%
Magic:  5/5        EV: 11    Int: 13    God:    Lugonu [*.....]
Gold:   84         SH:  0    Dex: 12    Spells: 2/2 levels left

rFire    . . .     SeeInvis .   a - +1 falchion
rCold    . . .     Gourm    .   (no shield)
rNeg     . . .     Faith    .   b - +0 leather armour
rPois    .         Spirit   .   (no helmet)
rElec    .         Reflect  .   (no cloak)
rCorr    .         Harm     .   (no gloves)
MR       .....                  (no boots)
Stlth    +.........             (no amulet)
HPRegen  0.09/turn              (no ring)
MPRegen  0.09/turn              (no ring)

@: no status effects
A: rot immunity
a: Depart the Abyss, Renounce Religion


You were on level 2 of the Dungeon.
You worshipped Lugonu.
Lugonu was aware of your devotion.
You were not hungry.

You visited 1 branch of the dungeon, and saw 2 of its levels.
You visited the Abyss 1 time.

You collected 84 gold pieces.

Inventory:

Hand Weapons
 a - a +1 falchion (weapon)
Armour
 b - a +0 leather armour (worn)
Scrolls
 d - 2 scrolls of identify
 e - 2 scrolls of remove curse
 f - 2 scrolls of teleportation
 g - a scroll of immolation {unknown}
 h - a scroll of enchant armour {unknown}
Potions
 i - 3 potions of curing {unknown}
 j - a potion of heal wounds {unknown}
Comestibles
 c - 6 rations


   Skills:
 + Level 3.5 Fighting
 + Level 2.1 Long Blades
 + Level 2.0 Armour
 + Level 1.0 Dodging
 + Level 2.8 Invocations


You had 2 spell levels left.
You didn't know any spells.
Your spell library was empty.

Dungeon Overview and Level Annotations

Branches:
Dungeon (2/15)

Altars:

Annotations:
D:2 Natasha


Innate Abilities, Weirdness & Mutations

You are immune to rotting.


Message History

The crimson imp is severely wounded.
The crimson imp barely misses you.
You hit the crimson imp but do no damage.
The crimson imp is severely wounded.
The crimson imp barely misses you.
You riposte.
You barely miss the crimson imp.
The crimson imp is heavily wounded.
The crimson imp hits you but does no damage.
You slash the crimson imp!
You kill the crimson imp!
Natasha claws you.
* * * LOW HITPOINT WARNING * * *
You hit Natasha.
Natasha is lightly wounded.
Natasha casts a spell at you. You resist with significant effort.
You hit Natasha but do no damage.
Natasha is lightly wounded.
Natasha claws you.
You die...

.......
....... .....#
.....# .....#
######.....#
#.h55.>....+
#@###.#....#
#.# #.#....#
#.# #.#....#
#.###'#....#.#
#........# .#
#........# .#
#........# .#
.# #........#
.# .#
#........#
.#..#


You could see Natasha and 2 shadow imps.

Vanquished Creatures
  3 dart slugs
  2 leopard geckos (D:1)
  A ball python (D:1)
  4 goblins
  4 hobgoblins
  A kobold (D:1)
  5 bats (D:1)
  A frilled lizard (D:1)
  2 rats (D:2)
23 creatures vanquished.

Notes
Turn   | Place    | Note
-------+----------+-------------------------------------------
     0 | Abyss:1  | thirtiethelement the Demonspawn Abyssal Knight began the
                  | quest for the Orb.
     0 | Abyss:1  | Reached XP level 1. HP: 18/18 MP: 2/2
     3 | Abyss:1  | Found a corrupted altar of Lugonu.
    63 | Abyss:1  | Noticed a fire bat
    71 | Abyss:1  | Noticed an efreet
    72 | D:1      | Escaped the Abyss
   490 | D:1      | Gained mutation: You are immune to rotting. [demonic
                  | ancestry]
   490 | D:1      | Reached XP level 2. HP: 22/24 MP: 4/4
   529 | D:1      | Reached * piety under Lugonu
   547 | D:1      | Reached skill level 1 in Dodging
   928 | D:2      | Reached XP level 3. HP: 25/29 MP: 5/5
   974 | D:2      | Noticed Natasha
   992 | D:2      | Slain by Natasha

Illustrated notes

Levels and vault maps discovered:
D:1:      minmay_arrival_checkered_box, layout_loops_ring
D:2:      layout_basic, old_standard_altar, first_ration,
          kennysheep_nondescript, uniq_natasha

Skill      XL: |  1  2 |
---------------+-------+-----
Long Blades    | 2 |  2.1
Dodging        | 1 |  1.0
Armour         | 2 |  2.0
Fighting       | |  3.5
Invocations    | |  2.8

Action                   || total
-------------------------++-------
Melee: Falchion          ||    74
Invok: Depart the Abyss  ||     1
  Use: Scroll            ||     2
Armor: Leather armour    ||    27
Dodge: Dodged            ||    45
       Rpst.: Falchion   ||    18

Table legend:
 A = Non-vault XP
 B = Vault XP
 C = Vault XP percentage of total XP
 D = Non-vault monster count
 E = Vault monster count
 F = Vault count percentage of total count
                 A         B        C        D         E       F
            +---------+---------+-------+---------+---------+-------
      Total |      46 |       0 |   0.0 |      23 |       0 |   0.0
            +---------+---------+-------+---------+---------+-------
        D:1 |      36 |       0 |   0.0 |      18 |       0 |   0.0
        D:2 |      10 |       0 |   0.0 |       5 |       0 |   0.0
            +---------+---------+-------+---------+---------+-------
